Map: Habitation Station LE (Void)

Players

Lapack

  • Race: Terran Terran
  • League: Diamond
  • Spawn Location: 1:00

A.I. 1 (Hard) - Winner!

  • Race: Protoss Protoss
  • Spawn Location: 11:00

VOD

Have the link to the VOD?

Description

Time

  • Played on: Jan. 20, 2017, 10:01 a.m.
  • Length: 4:29
Show
View Real Time Build Order
Export as new Build Order

Lapack Terran 

Build Orders:  

Get SALT Encoding   

  12  0:01  SCV  
  13  0:13  SCV  
  14  0:17  Supply Depot  
  14  0:25  SCV  
  15  0:39  SCV  
  15  0:41  Barracks  
  16  0:45  Refinery  
  16  0:51  SCV  
  17  1:03  SCV  
  18  1:15  SCV  
  19  1:28  Marine, Orbital Command  
  20  1:40  Command Center  
  20  1:46  Barracks Reactor  
  20  1:54  SCV  
  21  2:01  Supply Depot  
  21  2:06  SCV  
  22  2:10  Factory  
  22  2:13  Refinery  
  22  2:18  SCV  
  23  2:23  Marine x2  
  25  2:30  SCV  
  26  2:41  Marine x2  
  26  2:42  SCV  
  29  2:52  Orbital Command  
  29  2:54  Starport, Widow Mine  
  31  2:58  SCV  
  31  3:04  Marine x2  
  34  3:11  SCV  
  35  3:21  Marine, Supply Depot  
  35  3:22  Marine, SCV  
  35  3:23  SCV  
  35  3:26  Cyclone  
  42  3:31  Medivac  
  44  3:39  Marine x2  
  46  3:43  SCV  
  46  3:45  Supply Depot  
  47  3:54  Barracks  
  47  3:57  SCV  
  47  3:58  SCV  
  49  4:03  Engineering Bay  
  49  4:09  SCV  
  50  4:10  SCV  
  50  4:12  Barracks  
  50  4:14  Factory Tech Lab  
Show
View Real Time Build Order
Export as new Build Order

A.I. 1 (Hard) Protoss - Winner!

Build Orders:  

Get SALT Encoding   

  12  0:01  Probe (Chrono Boost)  
  13  0:11  Probe (Chrono Boost)  
  14  0:20  Pylon  
  14  0:22  Probe (Chrono Boost)  
  15  0:39  Probe (Chrono Boost)  
  16  0:46  Assimilator  
  16  0:49  Probe (Chrono Boost)  
  17  0:50  Gateway  
  17  1:00  Pylon, Probe (Chrono Boost)  
  18  1:10  Probe (Chrono Boost)  
  19  1:22  Probe (Chrono Boost)  
  20  1:36  Zealot  
  20  1:42  Cybernetics Core  
  20  1:45  Gateway  
  22  1:47  Assimilator  
  22  2:03  Pylon  
  22  2:17  Stalker  
  22  2:20  Warp Gate  
  24  2:31  Zealot  
  26  2:45  Pylon  
  26  2:46  Stalker  
  28  3:00  Stalker  
  30  3:15  Stalker, Probe (Chrono Boost)  
  33  3:21  Pylon  
  33  3:26  Probe (Chrono Boost)  
  34  3:29  Stalker  
  36  3:38  Probe (Chrono Boost)  
  37  3:42  Forge  
  37  3:45  Adept  
  39  3:50  Probe (Chrono Boost)  
  40  3:58  Stalker  
  40  4:02  Probe (Chrono Boost)  
  43  4:13  Probe (Chrono Boost)  
Tags
 
Add a new tag
Caveats
  • Supply blocks, unpowered buildings, or Contaminate may cause inaccurate times.
  • Supply counts are checked every 10 seconds.